 Dungeon Crawl Stone Soup version 0.31.0-11-ge490571c62 (webtiles) character file.

Game seed: 13209647739488503730

13 Bobbunny the Sneak (level 2, -1/24 HPs)
             Began as a Formicid Delver on Feb 3, 2024.
             Slain by a scorpion zombie (5 damage)
             ... on level 3 of the Dungeon.
             The game lasted 00:00:26 (84 turns).

Bobbunny the Sneak (Formicid Delver)                  Turns: 84, Time: 00:00:26

Health: -1/24      AC:  3    Str: 16    XL:     2   Next: 50%
Magic:  2/2        EV: 12    Int:  9    God:
Gold:   13         SH:  0    Dex: 15    Spells: 1/1 levels left

rFire   . . .        a - +0 hand axe
rCold   . . .        (no shield)
rNeg    . . .        b - +0 leather armour
rPois   .            (helmet unavailable)
rElec   .            (no cloak)
rCorr   .            (no gloves)
SInv    +            (no boots)
Will    .....        (no amulet)
Stlth   +++          (no ring)
HPRegen 0.24/turn    (no ring)
MPRegen 0.08/turn

%: no passive effects
@: no status effects
A: permanent stasis, dig shafts and tunnels, antennae 3, four strong arms
a: Dig, Shaft Self


You were on level 3 of the Dungeon.
You visited 1 branch of the dungeon, and saw 3 of its levels.

You collected 13 gold pieces.

Inventory:

Hand Weapons
 a - a +0 hand axe (weapon)
Armour
 b - a +0 leather armour (worn)
Wands
 f - a wand of digging (3)
Scrolls
 c - a scroll of fog
 d - a scroll of revelation
 e - a scroll of fear


   Skills:
 + Level 3.5 Fighting
 + Level 2.2 Axes
 + Level 2.0 Dodging
 + Level 6.2 Stealth


You had one spell level left.
You didn't know any spells.
Your spell library was empty.

Dungeon Overview and Level Annotations

Branches:
Dungeon (5/15)
 Temple: D:4-7

Altars:


Innate Abilities, Weirdness & Mutations

You cannot be hasted, slowed, berserked, paralysed or teleported.
You can dig through walls and to a lower floor.
You have a pair of large antennae on your head. (SInv)
Your four strong arms can wield two-handed weapons with a shield.


Message History

You are too injured to fight recklessly!
You are too injured to fight recklessly!
You are too injured to fight recklessly!
You are too injured to fight recklessly!
You are too injured to fight recklessly!
You are too injured to fight recklessly!
You are too injured to fight recklessly!
You are too injured to fight recklessly!
You hit the hobgoblin.
The hobgoblin is severely wounded.
You hit the scorpion zombie. The hobgoblin hits you.
* * * LOW HITPOINT WARNING * * *
The scorpion zombie closely misses you.
You slash the scorpion zombie!
The scorpion zombie is heavily damaged.
You barely miss the hobgoblin. The hobgoblin barely misses you.
The scorpion zombie barely misses you. The hobgoblin barely misses you.
The scorpion zombie hits you.
* * * LOW HITPOINT WARNING * * *
You hit the scorpion zombie.
The scorpion zombie is severely damaged.
You barely miss the hobgoblin. The hobgoblin barely misses you.
The scorpion zombie hits you but does no damage.
You hit the scorpion zombie.
The scorpion zombie is severely damaged.
You hit the hobgoblin.
You kill the hobgoblin!
A rat comes into view.
The scorpion zombie hits you but does no damage.
You hit the scorpion zombie.
The scorpion zombie is almost destroyed.
The scorpion zombie hits you but does no damage.
You hit the scorpion zombie.
The scorpion zombie is almost destroyed.
The scorpion zombie hits you.
* * * LOW HITPOINT WARNING * * *
You hit the scorpion zombie but do no damage.
The scorpion zombie is almost destroyed.
The scorpion zombie hits you.
You die...

##.......### #
........... ..#
#.........####.##
...........##...###
......$........... #
..##.>........##.###
#.......$....$......
~B#.##.............#
~~#..........†@8...#
r{#..#.....#...Z...#
#................#
+...##.r##.#....##
#.......##.#.#..#
...#.############ #.
#


You could see a scorpion zombie and a rat.

Vanquished Creatures
  An adder skeleton (D:3)
  4 orcs (D:4)
  A hobgoblin (D:3)
6 creatures vanquished.

Notes
Turn   | Place    | Note
-------+----------+-------------------------------------------
     0 | D:5      | Bobbunny the Formicid Delver began the quest for the Orb.
     0 | D:5      | Reached XP level 1. HP: 18/18 MP: 1/1
    22 | D:4      | Reached XP level 2. HP: 21/24 MP: 2/2
    84 | D:3      | Slain by a scorpion zombie

Illustrated notes

Levels and vault maps discovered:
D:3:      minmay_door_path, layout_loops_ring, portal_sewer_entry_c,
          serial_undead, serial_undead_a, serial_undead_d, serial_undead_c,
          serial_undead_f, bh_walls_and_bars, uniq_grinder
D:4:      layout_basic, mainiacjoe_overflow_surrounded_room,
          minmay_misc_feat_iff
D:5:      layout_basic

Skill      XL: |  1  2 |
---------------+-------+-----
Dodging        | 2 |  2.0
Fighting       | |  3.5
Axes           | |  2.2
Stealth        | |  6.2

Action                     || total
---------------------------++-------
  Melee: Hand axe          ||    23
         Punch             ||     1
   Stab: Sleeping          ||     1
 Armour: Leather armour    ||    17
  Dodge: Dodged            ||    12
